 Dungeon Crawl Stone Soup version 0.32-a0-705-g60f233581c (webtiles) character file.

Game seed: 5700888735450012967

5698 ASSMAN the Grappler (level 10, -1/91 HPs)
             Began as a Troll Shapeshifter on Mar 15, 2024.
             Was a Follower of Ru.
             Killed by divine providence
             ... invoked by an orc priest
              (12 damage)
             ... on level 8 of the Dungeon.
             The game lasted 00:15:38 (6779 turns).

ASSMAN the Grappler (Troll Shapeshifter)            Turns: 6779, Time: 00:15:38

Health: -1/91      AC:  5    Str: 28    XL:     10   Next: 47%
Magic:  0/9        EV: 12    Int:  6    God:    Ru [*.....]
Gold:   221        SH:  0    Dex:  9    Spells: 8/9 levels left

rFire   . .          .
                       - Unarmed
rCold   . . .        (shield currently unavailable)
rNeg    . . .        i - melded +2 robe
rPois   .            v - +2 hat
rElec   .            B - +0 cloak
rCorr   .            (gloves unavailable)
SInv    .            (boots unavailable)
Will    .....        u - amulet of guardian spirit
Stlth   +            (no ring)
HPRegen 1.15/turn    (no ring)
MPRegen 0.11/turn

%: guardian spirit
@: lethally poisoned (-1 -> -2), flux-form, on berserk cooldown, slowed,
glowing, very slow
A: glow, contaminating, large, unfitting armour, claws 3, regeneration 1, shaggy
fur 1, tough skin 1, inability to drink after injury 2
a: Begin Untransformation, Renounce Religion, Sacrifice Durability, Sacrifice
Forms, Sacrifice Skill, Reject Sacrifices


You were on level 8 of the Dungeon.
You worshipped Ru.
Ru was aware of your devotion.
You were something dangerously unstable.
You visited 2 branches of the dungeon, and saw 9 of its levels.
You also visited: Sewer and Ossuary.

You collected 485 gold pieces.
You spent 264 gold pieces at shops.

Inventory:

Hand Weapons
 f - the +3 sling of the Forest {antimagic, rC+ rN+ Int+3}
   (You took it off an orc on level 5 of the Dungeon)

   Int+3:     It affects your intelligence (+3).
   rC+:       It protects you from cold.
   rN+:       It protects you from negative energy.
Armour
 i - a +2 robe (melded)
 v - a +2 hat (worn)
 w - +0 steam dragon scales
 B - a +0 cloak (worn)
 G - a +2 robe of cold resistance
Jewellery
 l - an amulet of faith
 u - an amulet of guardian spirit (around neck)
 y - a ring of positive energy
 A - a ring of ice
Talismans
 c - a beast talisman
 d - a flux talisman (active)
Wands
 e - a wand of acid (6)
 p - a wand of polymorph (13)
 q - a wand of paralysis (25)
Scrolls
 h - a scroll of enchant weapon
 k - a scroll of identify
 m - a scroll of fear
 s - 2 scrolls of fog
 t - 2 scrolls of revelation
 E - a scroll of immolation
Potions
 b - 6 potions of lignification
 j - 4 potions of curing
 n - 2 potions of brilliance
 o - a potion of invisibility
 r - 2 potions of enlightenment
 x - a potion of attraction
 z - a potion of mutation
 C - a potion of heal wounds
 D - a potion of cancellation {unknown}
 F - 2 potions of haste {unknown}


   Skills:
 + Level 3.4 Fighting
 - Level 1.5 Dodging
 + Level 11.2 Unarmed Combat
 + Level 10.3 Shapeshifting


You had 8 spell levels left.
You knew the following spells:

 Your Spells              Type           Power      Damage    Failure   Level
a - Apportation           Tloc           0%         N/A       45%         1

Your spell library contained the following spells:

 Spells                   Type           Power      Damage    Failure   Level
 Jinxbite                 Hex            0%         N/A       58%         2
 Sublimation of Blood     Necr           0%         N/A       58%         2
 Tukima's Dance           Hex            0%         N/A       83%         3
 Brom's Barrelling Bould  Conj/Erth      0%         2d3       99%         4
 Passage of Golubria      Tloc           0%         N/A       99%         4
 Petrify                  Alch/Erth      0%         N/A       99%         4
 Alistair's Intoxication  Alch           0%         N/A       100%        5
 Fireball                 Conj/Fire      0%         3d3       100%        5
 Irradiate                Conj/Alch      0%         3d11      100%        5
 Iskenderun's Battlesphe  Conj           0%         2d6       100%        5
 Yara's Violent Unravell  Hex/Alch       0%         3d3       100%        5
 Conjure Ball Lightning   Conj/Air       0%         3x3d6     100%        6
 Haunt                    Necr/Summ      0%         N/A       100%        7
 Orb of Destruction       Conj           0%         9d5       100%        7
 Borgnjor's Revivificati  Necr           0%         N/A       100%        8
 Death's Door             Necr           0%         N/A       100%        9


Dungeon Overview and Level Annotations

Branches:
Dungeon (8/15)             Temple (1/1) D:4           Sewer (visited)
Ossuary (visited)
   Lair: D:8-11

Altars:
Ashenzari
Cheibriados
Dithmenos
Elyvilon
Fedhas
Gozag
Hepliaklqana
Nemelex Xobeh
Okawaru
Qazlal
Ru
Sif Muna
Trog
Uskayaw
Vehumet
Wu Jian
Xom
Yredelemnul
Zin
The Shining One
Beogh

Shops:
D:4 :   D:5 [[!   D:6 *

Annotations:
D:8 Grum, Prince Ribbit


Innate Abilities, Weirdness & Mutations

You are something dangerously unstable.
You glow with magical radiation, making you easy to see and hit.
Foes you strike become dangerously contaminated with magical radiation.
You are incapable of wielding weapons or throwing items.
You are too large for most types of armour.
You have claws for hands.
Your natural rate of healing is unusually fast.
You are covered in fur. (AC +1)
You have tough skin. (AC +1)
You sometimes lose the ability to drink potions when taking damage.


Message History

You miss the wolf.
The howler monkey hoots and howls with incredible vigour!
The orc priest begins to cast a cantrip, but forgets the words!
The wyvern bites you. The wolf bites you!
* * * LOW HITPOINT WARNING * * *
The howler monkey hoots and howls with incredible vigour!
You hear a bellow! x4; You hear an angry buzzing noise.
You hear an angry growl.
You mangle the wolf!!
The wolf begins to glow.
The wolf is severely wounded.
You are no longer berserk.
You are exhausted.
You feel yourself slow down.
Ru believes you are ready to make a new sacrifice.
You claw the wolf!
You kill the wolf!
The wyvern barely misses you. The wyvern misses you.
The water moccasin bites you.
* * * LOW HITPOINT WARNING * * *
You are poisoned.
The water moccasin poisons you!
The howler monkey hoots and howls with incredible vigour!
You hear a shout! x3
As you read the scroll of fear, it crumbles to dust.
You assume a fearsome visage.
The ice beast resists with some effort.
The howler monkey looks frightened! x2; Grum looks frightened!
The wolf looks frightened! x2; The water moccasin looks frightened!
The wyvern looks frightened!
You feel very sick.
Found 15 gold pieces and a scroll of identify.
You feel very sick.
You claw the ice beast!
The ice beast begins to glow.
The ice beast is moderately wounded.
You feel sick. The ice beast hits you.
* * * LOW HITPOINT WARNING * * *
The ice beast freezes you!
* * * LOW HITPOINT WARNING * * *
The orc priest calls down the wrath of Beogh upon you.
Beogh smites you!
You die...
Ru respects your ultimate sacrifice.

..###..##..##....##
.#.#.#..#.....#... ...
###F# #.......###.# #S.#
D#.#.#.#.O... #. ##..#
..# #..#..h#. . ...#
.#.#.#.#..k#.##.##...###
###:###...F.h.##[.......
g#.#.#.# ##.ooY.......$
..###..# #g..##p....:..
#..#k(.# ####o##........
....###.o.....#.........
#.go{.o.#..............?
##.#####h.h....#........
#.h..k....###.#........
########### ###.......#
#.......#


You could see Prince Ribbit, a water moccasin (fleeing), a wyvern (fleeing), an
ice beast (contam), a howler monkey (fleeing), an orc priest and an orc.

Vanquished Creatures
  A two-headed ogre (D:8)
  Pikel (D:7)
  Grinder (D:3)
  Sigmund (D:2)
  2 steam dragons
  5 water moccasins
  3 ice beasts
  An orc warrior (D:7)
  Pargi (Sewer)
  2 black bears (D:6)
  4 wolves (D:8)
  An ogre (D:4)
  3 phantoms
  2 lemures (D:7)
  A kobold brigand (D:6)
  2 brain worms (Sewer)
  3 bullfrogs
  7 scorpions
  A howler monkey (D:4)
  2 centaur zombies (Ossuary)
  5 hounds
  A human zombie (Ossuary)
  2 bombardier beetles
  A jelly (D:7)
  9 orc priests
  3 sleepcaps
  4 iguanas
  6 orc wizards
  2 scorpion zombies (Ossuary)
  3 mummies (Ossuary)
  Robin (D:3)
  10 adders
  A white imp (D:6)
  2 ufetubi (D:6)
  3 adder zombies (Ossuary)
  A dart slug (D:1)
  2 ribbon worms
  The ghost of Gryn the Sneak, a weakling SpDe (D:5)
  26 orcs
  9 endoplasms
  8 giant cockroaches
  16 goblins
  6 hobgoblins
  7 jackals
  18 kobolds
  9 quokkas
  11 ball pythons
  4 ball python zombies (Ossuary)
  10 bats
  6 frilled lizards
  3 gnoll zombies (Ossuary)
  4 jackal zombies (Ossuary)
  3 orc zombies (Ossuary)
  2 rats (D:1)
243 creatures vanquished.

Vanquished Creatures (others)
  A steam dragon (D:6)
  An orc (D:7)
  A kobold (D:6)
3 creatures vanquished.

Grand Total: 246 creatures vanquished

Notes
Turn   | Place    | Note
-------+----------+-------------------------------------------
     0 | D:1      | ASSMAN the Troll Shapeshifter began the quest for the Orb.
     0 | D:1      | Reached XP level 1. HP: 18/18 MP: 0/0
    96 | D:1      | Reached XP level 2. HP: 26/26 MP: 1/1
   372 | D:1      | Reached XP level 3. HP: 32/32 MP: 2/2
   374 | D:1      | Found a faded altar of an unknown god.
   906 | D:2      | Reached skill level 4 in Unarmed Combat
   998 | D:2      | Reached XP level 4. HP: 40/40 MP: 3/3
  1037 | D:2      | You fall into a shaft and drop 1 floor!
  1187 | D:3      | Reached XP level 5. HP: 41/46 MP: 4/4
  1238 | D:3      | Noticed Robin
  1254 | D:3      | Killed Robin
  1290 | D:3      | Noticed Grinder
  1303 | D:3      | Killed Grinder
  1304 | D:3      | Reached skill level 5 in Unarmed Combat
  1304 | D:3      | Reached skill level 5 in Shapeshifting
  1304 | D:3      | Reached XP level 6. HP: 34/54 MP: 5/5
  1392 | D:3      | Found a glowing drain.
  1408 | Sewer    | Entered a sewer
  1497 | Sewer    | Noticed Pargi
  1503 | Sewer    | Reached skill level 6 in Unarmed Combat
  1503 | Sewer    | Reached XP level 7. HP: 55/61 MP: 4/6
  1506 | Sewer    | Killed Pargi
  1617 | D:3      | Found an opulent altar of Gozag.
  2073 | D:2      | Noticed Sigmund
  2083 | D:2      | Killed Sigmund
  2084 | D:2      | Reached skill level 7 in Unarmed Combat
  2408 | D:4      | Reached XP level 8. HP: 40/68 MP: 7/7
  2507 | D:4      | Found a staircase to the Ecumenical Temple.
  2592 | D:4      | Found Vunli's Book Boutique.
  3128 | D:4      | Bought a book of Party Tricks for 264 gold pieces
  3281 | D:4      | Learned a level 1 spell: Apportation
  3409 | Temple   | Found a transporter.
  3409 | Temple   | Found a transporter.
  3409 | Temple   | Found a transporter.
  3409 | Temple   | Found a transporter.
  3409 | Temple   | Entered the Ecumenical Temple
  3431 | Temple   | Became a worshipper of Ru the Awakened
  3481 | D:5      | Entered Level 5 of the Dungeon
  3542 | D:5      | Found Usokep's Distillery.
  3560 | D:5      | Found Cyev's Armour Emporium.
  3665 | D:5      | Reached skill level 8 in Unarmed Combat
  3778 | D:5      | Found a sand-covered staircase.
  3783 | Ossuary  | Entered an ossuary
  4224 | Ossuary  | Reached XP level 9. HP: 75/75 MP: 8/8
  4349 | D:5      | Reached skill level 9 in Unarmed Combat
  4393 | D:5      | Found Tuczel's Armour Shop.
  4542 | D:5      | Found a runed translucent gate.
  4543 | D:5      | Gained mutation: You occasionally lose the ability to drink
                  | potions when taking damage. [Ru sacrifice]
  4543 | D:5      | Gained mutation: You sometimes lose the ability to drink
                  | potions when taking damage. [Ru sacrifice]
  4543 | D:5      | Reached * piety under Ru
  4544 | D:5      | Found a runed translucent gate.
  4545 | D:5      | Found a runed translucent gate.
  4546 | D:5      | Noticed Gryn's ghost (weakling SpDe)
  4546 | D:5      | Identified the +3 sling of the Forest {antimagic, rC+ rN+
                  | Int+3}
  4546 | D:5      | Identified the +5 scale mail of Disaster {rElec}
  4921 | D:5      | Found a roughly hewn altar of Beogh.
  4952 | D:5      | Killed Gryn's ghost
  5273 | D:6      | Found a bloodstained altar of Trog.
  5328 | D:6      | Reached skill level 10 in Unarmed Combat
  5585 | D:6      | Found Kyosuz's Neck Hole.
  6059 | D:7      | Noticed Pikel
  6080 | D:7      | Paralysed by Pikel for 2 turns
  6083 | D:7      | Killed Pikel
  6084 | D:7      | Reached skill level 1 in Fighting
  6084 | D:7      | Reached XP level 10. HP: 76/85 MP: 4/9
  6270 | D:7      | Found a stormy altar of Qazlal.
  6370 | D:7      | Reached skill level 10 in Shapeshifting
  6707 | D:8      | Noticed Grum
  6719 | D:8      | HP: 2/88 [poisoned by a water moccasin]
  6737 | D:8      | Noticed Prince Ribbit
  6745 | D:8      | Noticed a two-headed ogre
  6761 | D:8      | Killed a two-headed ogre
  6762 | D:8      | Reached skill level 11 in Unarmed Combat
  6779 | D:8      | Killed from afar by an orc priest

Illustrated notes

Levels and vault maps discovered:
D:1:      dpeg_arrival_stonehenge_8_columns, layout_basic,
          ebering_ecumenical_altar_webs, hangedman_feature_mirror
D:2:      layout_rooms, kennysheep_generic_room_3, uniq_sigmund
D:3:      layout_loops_ring, nicolae_gozag_cash_rules_everything_around_me,
          portal_sewer_entry_f, uniq_robin, uniq_grinder
D:4:      layout_basic, lemuel_temple_firewalk_b, serial_shops,
          nicolae_shop_behind_doors
D:5:      layout_basic, serial_corexii_hall, corexii_hall_statues_u,
          corexii_hall_statues_x, nicolae_ossuary_entry_ruins, serial_shops,
          shop, nicolae_shop_tiny_waterfront, nicolae_shop_real_fake_doors,
          biasface_ghost_orc_armoury
D:6:      layout_basic, trog_ov_bears_minmay, dreamdust_princess_corridor,
          st_stairs_3, nicolae_shop_sticking_my_neck_out
D:7:      layout_basic, nicolae_qazlal_scattered_showers, serial_glass,
          glass_columns_b, glass_columns_a, minivault_26, supply_closet_lemuel,
          uniq_pikel
D:8:      layout_cave_pools, amethyst_overflow_temple_binary, serial_ice,
          serial_ice_f, serial_ice_e, serial_ice_a, serial_ice_h, serial_ice_k,
          minmay_manual_mail, uniq_prince_ribbit1, uniq_psyche, uniq_grum
Temple:   hellmonk_temple_divided_pantheon

Skill      XL: |  1  2  3  4  5  6  7  8  9 10 |
---------------+-------------------------------+-----
Unarmed Combat | 4 5 6 7 8 10 11 | 11.2
Shapeshifting  | 4 5 6 8 9 10 | 10.3
Fighting       | 1 3 |  3.4
Dodging        | |  1.5

Action                     |  1- 3 |  4- 6 |  7- 9 | 10-12 || total
---------------------------+-------+-------+-------+-------++-------
  Melee: Unarmed           |   108 |   101 |   360 |    86 ||   655
         Punch             |     1 |     1 |     1 |       ||     3
 Invoke: Sacrifice Drink   |       |       |     1 |       ||     1
Ability: Begin Untransform |       |       |     1 |       ||     1
    Use: Scroll            |       |     7 |    14 |     4 ||    25
         Potion            |       |     1 |     1 |     2 ||     4
 Armour: Animal skin       |    65 |    70 |    22 |       ||   157
         Robe              |       |       |    66 |       ||    66
         Skin              |       |       |   140 |    52 ||   192
  Dodge: Dodged            |    59 |    25 |   193 |    61 ||   338
         Form:             |     1 |       |       |       ||     1
         Beast             |     1 |       |       |       ||     1
         Flux              |       |       |     1 |       ||     1

Table legend: (Time is in decaauts)
 A = Elapsed time spent in this place.
 B = Non-inter-level travel time spent in this place.
 C = Inter-level travel time spent in this place.
 D = Time resting spent in this place.
 E = Time spent auto-exploring this place.
 F = Levels seen in this place.
 G = Mean time per level.
                   A        B        C        D        E       F      G
               +--------+--------+--------+--------+--------+-----+--------+
         Total |   6682 |   6245 |    437 |    167 |   4608 |  11 |  607.5 |
       Dungeon |   6035 |   5598 |    437 |     34 |   4449 |   8 |  754.4 |
        Temple |     37 |     37 |      0 |      0 |      0 |   1 |   37.0 |
         Sewer |    126 |    126 |      0 |      0 |     24 |   1 |  126.0 |
       Ossuary |    482 |    482 |      0 |    133 |    135 |   1 |  482.0 |
               +--------+--------+--------+--------+--------+-----+--------+

Top non-repeatable levels by time:
     D:4: 1282 daAuts
     D:5: 1132 daAuts
     D:7: 907 daAuts
     D:3: 763 daAuts
     D:1: 733 daAuts
     D:6: 639 daAuts
     D:2: 514 daAuts
 Ossuary: 482 daAuts
   Sewer: 126 daAuts
     D:8: 63 daAuts
  Temple: 37 daAuts
